 Seeded DCSS version 0.28-a0-1143-gcf6077d4cc (webtiles) character file.

Game seed: 20211213 (custom seed)

212974 flotson the Nimble (level 18, 0/141 (146) HPs)
             Began as a Demonspawn Gladiator on Dec 13, 2021.
             Was the Champion of Qazlal.
             Shot with an arrow by a deep elf master archer (2 damage)
             ... on level 3 of the Elven Halls.
             The game lasted 01:10:05 (35561 turns).

flotson the Nimble (Demonspawn Gladiator)          Turns: 35561, Time: 01:10:06

HP:   0/141 (146)   AC: 34    Str: 22    XL:     18   Next: 63%
MP:   34/34         EV: 26    Int: 12    God:    Qazlal [******]
Gold: 2362          SH:  0    Dex: 34    Spells: 17/17 levels left

rFire   . . .      SeeInvis .   b - +3 broad axe (vamp)
rCold   + + .      Faith    .   R - +1 kite shield {AC+3}
rNeg    . . .      Spirit   .   L - +5 scale mail of the Fiddle {Rampage Dex+2}
rPois   .          Reflect  .   E - +3 helmet of Apathy {MP+9 Int+2 Dex+4}
rElec   .          Harm     .   S - +0 cloak
rCorr   .          Rampage  +   W - +0 pair of gloves of Leapfrog {rC++ Dex+3}
Will    +....                   u - +0 pair of boots
Stlth   +.........              Y - amulet of the acrobat
HPRegen 0.33/turn               A - +6 ring of dexterity
MPRegen 0.24/turn               I - +4 ring of slaying

@: confused, ambrosia-drunk, studying Dodging, lightly drained, repel missiles
A: claws 2, thin skeletal structure 2, icemail 2, spiny 3, condensation shield,
bedeviling
a: Renounce Religion, Upheaval, Elemental Force, Disaster Area


You were on level 3 of the Elven Halls.
You worshipped Qazlal.
Qazlal was exalted by your worship.
You visited 5 branches of the dungeon, and saw 27 of its levels.
You visited the Abyss 1 time.
You also visited: Bailey.

You collected 3395 gold pieces.
You spent 1033 gold pieces at shops.

Inventory:

Hand Weapons
 a - the +3 Elemental Staff {rElec rF++ rC++ AC+5}
   (You acquired it on level 2 of the Orcish Mines)

   If the wielder is skilled in Evocations, they can discharge powerful blasts
   of elemental energy when striking with it.
   It enhances your fire, ice, earth and air magic.
   AC:        It affects your AC (+5).
   rF:        It greatly protects you from fire.
   rC:        It greatly protects you from cold.
   rElec:     It insulates you from electricity.
 b - a +3 vampiric broad axe (weapon)
 c - a +2 antimagic eveningstar
Missiles
 d - 5 throwing nets (quivered)
 o - 8 javelins
 P - 5 silver javelins
 U - 2 curare-tipped darts
Armour
 u - a +0 pair of boots (worn)
 E - the +3 helmet of Apathy (worn) {MP+9 Int+2 Dex+4}
   (You bought it in a shop on level 11 of the Dungeon)

   Int:       It affects your intelligence (+2).
   Dex:       It affects your dexterity (+4).
   MP:        It affects your magic capacity (+9).
 L - the +5 scale mail of the Fiddle (worn) {Rampage Dex+2}
   (You bought it in a shop on level 5 of the Dungeon)

   Dex:       It affects your dexterity (+2).
   Rampage:   It bestows one free step when moving towards enemies.
 R - a +1 kite shield of protection (worn)
 S - a +0 cloak (worn)
 W - the +0 pair of gloves of Leapfrog (worn) {rC++ Dex+3}
   (You found it on level 2 of the Lair of Beasts)

   Dex:       It affects your dexterity (+3).
   rC:        It greatly protects you from cold.
Jewellery
 A - a +6 ring of dexterity (left hand)
 I - a +4 ring of slaying (right hand)
 Y - an amulet of the acrobat (around neck)
Wands
 l - a wand of iceblast (12)
 r - a wand of flame (39)
 y - a wand of digging (16)
 B - a wand of acid (5)
 M - a wand of paralysis (22)
Scrolls
 f - 4 scrolls of fog
 g - a scroll of holy word
 k - 3 scrolls of fear
 p - 10 scrolls of magic mapping
 v - 2 scrolls of teleportation
 x - 3 scrolls of vulnerability
 z - 5 scrolls of immolation
 G - a scroll of blinking
 O - a scroll of silence
 Q - 4 scrolls of enchant armour
 T - a scroll of summoning
 Z - 2 scrolls of torment
Potions
 h - a potion of might
 j - 10 potions of curing
 n - 3 potions of mutation
 s - 4 potions of attraction
 t - a potion of cancellation
 w - a potion of resistance
 C - 3 potions of invisibility
 D - 3 potions of haste
 H - 3 potions of flight
 K - 6 potions of lignification
 X - 2 potions of ambrosia
Miscellaneous
 e - a phantom mirror
 q - a phial of floods
 F - a tin of tremorstones (2/2)
 J - a condenser vane
 N - a lightning rod (4/4)


   Skills:
 + Level 14.1 Fighting
 + Level 13.1 Axes
 - Level 7.4 Staves
 - Level 7.9 Throwing
 + Level 12.9 Armour
 - Level 14.9 Dodging
 + Level 12.1 Shields
 - Level 10.6 Invocations
 - Level 9.2 Evocations


You had 17 spell levels left.
You didn't know any spells.
Your spell library contained the following spells:

 Spells                   Type           Power      Damage    Failure   Level
 Sandblast                Erth           0%         2d4       69%         1
 Shock                    Conj/Air       0%         1d3       69%         1
 Blink                    Tloc           0%         N/A       83%         2
 Passwall                 Tmut/Erth      0%         N/A       83%         2
 Scorch                   Fire           0%         2d5       83%         2
 Sublimation of Blood     Necr           0%         N/A       83%         2
 Wereblood                Tmut           0%         N/A       83%         2
 Call Canine Familiar     Summ           0%         N/A       96%         3
 Dazzling Flash           Conj/Hex       0%         N/A       96%         3
 Frozen Ramparts          Ice            0%         1d2       96%         3
 Lesser Beckoning         Tloc           0%         N/A       96%         3
 Portal Projectile        Hex/Tloc       0%         N/A       96%         3
 Stone Arrow              Conj/Erth      0%         3d7       96%         3
 Swiftness                Air            0%         N/A       96%         3
 Airstrike                Air            0%         N/A       100%        4
 Animate Armour           Summ/Erth      0%         N/A       100%        4
 Flame Wave               Conj/Fire      0%         2d4       100%        4
 Leda's Liquefaction      Hex/Erth       0%         N/A       100%        4
 Summon Ice Beast         Ice/Summ       0%         N/A       100%        4
 Agony                    Necr           0%         N/A       100%        5
 Borgnjor's Vile Clutch   Necr/Erth      0%         N/A       100%        5
 Manifold Assault         Tloc           0%         N/A       100%        5
 Silence                  Hex/Air        0%         N/A       100%        5
 Iron Shot                Conj/Erth      0%         9d1       100%        6
 Summon Cactus Giant      Summ           0%         N/A       100%        6
 Summon Hydra             Summ           0%         N/A       100%        7


Dungeon Overview and Level Annotations

Branches:
Dungeon (15/15)            Temple (1/1) D:7            Lair (6/6) D:8
  Swamp (0/4) Lair:2        Snake (0/4) Lair:4        Slime (0/5) Lair:6
    Orc (2/2) D:12            Elf (3/3) Orc:2        Vaults (0/5) D:14
 Depths (0/4) D:15         Bailey (visited)

Altars:
Ashenzari
Cheibriados
Dithmenos
Elyvilon
Fedhas
Gozag
Hepliaklqana
Kikubaaqudgha
Makhleb
Nemelex Xobeh
Okawaru
Qazlal
Ru
Sif Muna
Trog
Uskayaw
Vehumet
Wu Jian
Xom
Yredelemnul
Zin
The Shining One
Beogh

Shops:
D:3 :   D:5 *   D:9 *   D:11 :[   D:15 (   Orc:2 =*!*   Elf:1 [

Portals:
Trove: D:15 (give 2 scrolls of acquirement)

Annotations:
D:15 1 transporter
Elf:3 Saint Roka


Innate Abilities, Weirdness & Mutations

You have very sharp fingernails.
You have a moderately thin skeletal structure. (Dex +4, Stealth++)
A meltable icy envelope protects you from harm. (AC +8)
You are completely covered in sharp spines.
A meltable shield of frost defends you. (SH +4)
Your hexes are more powerful.


Message History

The deep elf pyromancer looks frightened!
The deep elf zephyrmancer easily resists.
The deep elf zephyrmancer casts a spell at you.
The bolt of lightning is repelled.
The bolt of lightning misses you.
You block the deep elf death mage's attack.
The deep elf pyromancer mumbles some strange words.
The deep elf pyromancer blinks!
You are confused.
You feel invigorated.
You feel less protected from electricity.
The deep elf zephyrmancer casts a spell.
The deep elf zephyrmancer blinks!
The deep elf death mage is struck by your spines.
The deep elf death mage hits you but does no damage.
A deep elf master archer comes into view.
You bump into the metal wall.
The deep elf zephyrmancer casts a spell.
The deep elf zephyrmancer blinks!
The deep elf death mage points at you and mumbles some strange words.
The bolt of negative energy misses you.
The deep elf master archer wields a +2 vorpal longbow.
The deep elf master archer shoots an arrow.
The arrow hits you but does no damage.
Unknown command.
You bump into the stone wall.
The deep elf master archer shoots an arrow.
The arrow hits you!!
* * * LOW HITPOINT WARNING * * *
x2 The deep elf death mage casts a spell at you.
The bolt of negative energy misses you.
Unknown command.
You are more confused.
You feel more invigorated.
The lost soul is engulfed in freezing vapours.
The deep elf master archer shoots an arrow.
The arrow closely misses you.
The deep elf master archer shoots an arrow.
The arrow hits you!
* * * LOW HITPOINT WARNING * * *
You die...

......§.##.#............
.e......##..............
..
........####..###[####.#
... #......# #..# #.#
#.# .... #§....# #..#
#.# #.# ...e# ..°*# #..#
#)# ##'# .....####.○#
#..# #.###...
o##..)..#..e# #..#
#.##.... .# #e....#@#
#..###.#..... ○#
###..○☼.####......#.....
E#
###...##........'.....
2# ###.########..#.....
e# ### #..##.... #####3#
#..###''# .#.e).# #..#
#..# .#.))## #..# #..#
.#.).# #..# #..#


You could see a deep elf master archer, a deep elf death mage and a lost soul
(summoned).

Vanquished Creatures
  Nikola (Elf:3)
  3 deep elf blademasters
  The ghost of Kuwn the Executioner, an adept MiBe of Trog (Elf:1)
  4 deep elf sorcerers (Elf:3)
  6 deep elf elementalists (Elf:3)
  6 slime creatures
  4 deep elf demonologists
  A dire elephant (D:15)
  7 deep elf annihilators
  A minotaur (D:11)
  Azrael (D:13)
  The ghost of a11behringer the Fencer, a journeyman DrBe of Trog (D:11)
  Josephine (Orc:1)
  5 deep elf death magi
  2 deep elf high priests (Elf:3)
  5 boulder beetles
  10 hydras
  9 centaur warriors
  A death knight (D:11)
  2 ogre magi (D:15)
  26 dancing weapons
  A catoblepas (Lair:4)
  15 two-headed ogres
  2 tengu warriors
  7 death yaks
  An orc high priest (Elf:3)
  Nergalle (Lair:3)
  Urug (D:14)
  15 deep elf knights
  Sonja (Orc:2)
  3 skeletal warriors (D:13)
  2 orc knights
  34 deep elf pyromancers
  18 deep elf zephyrmancers
  15 deep elf archers
  2 manticores
  A salamander (D:15)
  2 orc sorcerers (Orc:1)
  22 ugly things
  An oklob plant (Lair:5)
  A cyclops (D:9)
  14 elephants
  4 black mambas
  14 cane toads
  A torpor snail (Lair:4)
  An efreet (D:15)
  12 komodo dragons
  A kobold demonologist (D:5)
  Psyche (D:8)
  2 unseen horrors
  2 rime drakes
  A meliai (shapeshifter) (D:15)
  5 polar bears
  6 trolls
  6 hornets
  34 dream sheep
  A hornet (shapeshifter) (Elf:2)
  20 blink frogs
  5 air elementals
  6 water elementals
  4 shadows
  5 wyverns
  2 vampires
  84 yaks
  A tarantella (shapeshifter) (D:14)
  15 spriggans (Lair:6)
  A yak (shapeshifter) (Elf:3)
  4 wraiths (Orc:1)
  16 humans (D:14)
  4 fire elementals
  A steam dragon (D:8)
  4 nagas (Lair:4)
  16 vampire mosquitoes
  11 basilisks
  6 wargs
  2 acid dragons
  17 water moccasins
  2 hell hounds (D:13)
  A swamp drake (D:8)
  44 orc warriors
  An ice beast (D:6)
  9 black bears
  2 necrophages (D:6)
  8 ogres
  40 wolves
  25 centaurs
  4 boggarts (Lair:6)
  7 kobold brigands
  A gnoll sergeant (D:8)
  8 bullfrogs
  A wyvern zombie (D:9)
  2 earth elementals
  2 scorpions (D:5)
  2 wyvern skeletons (D:6)
  A water moccasin zombie (D:6)
  6 killer bees
  7 electric eels
  20 wights
  11 howler monkeys
  5 centaur zombies
  5 hounds
  12 orc priests
  7 jellies
  5 iguanas
  A centaur skeleton (D:6)
  A gnoll shaman (D:5)
  21 orc wizards
  2 killer bee zombies (D:8)
  2 hound skeletons (D:5)
  A howler monkey zombie (D:9)
  16 gnolls
  A howler monkey skeleton (D:4)
  6 adders
  2 shadow imps
  An ufetubus (D:4)
  A worm (D:2)
  77 orcs
  9 ball pythons
  8 bats
  7 endoplasms
  7 giant cockroaches
  9 goblins
  9 hobgoblins
  2 jackals (D:4)
  3 quokkas (D:3)
  4 frilled lizards
  20 kobolds
  4 rats
  2 butterflies (Lair:6)
1025 creatures vanquished.

Vanquished Creatures (others)
  5 deep elf knights
  2 deep elf zephyrmancers
  4 deep elf pyromancers
  A komodo dragon (D:8)
  A water elemental (Elf:2)
  3 gnolls (D:8)
  2 butterflies (Lair:6)
  52 fungi
  82 plants
152 creatures vanquished.

Grand Total: 1177 creatures vanquished

Notes
Turn   | Place    | Note
-------+----------+-------------------------------------------
     0 | D:1      | flotson the Demonspawn Gladiator began the quest for the
                  | Orb.
     0 | D:1      | Reached XP level 1. HP: 16/16 MP: 1/1
    86 | D:1      | Gained mutation: You are partially covered in sharp spines.
                  | [demonic ancestry]
    86 | D:1      | Reached XP level 2. HP: 21/22 MP: 2/2
   556 | D:2      | Found a faded altar of an unknown god.
   566 | D:2      | Gained mutation: You have sharp fingernails. [demonic
                  | ancestry]
   566 | D:2      | Reached XP level 3. HP: 22/28 MP: 3/3
   777 | D:2      | Reached skill level 1 in Armour
  1594 | D:3      | Reached XP level 4. HP: 34/34 MP: 4/4
  1827 | D:3      | Found Baconyc's Book Shop.
  2409 | D:3      | Reached XP level 5. HP: 23/40 MP: 5/5
  3174 | D:4      | Reached skill level 1 in Evocations
  3521 | D:4      | Gained mutation: You have a somewhat thin skeletal
                  | structure. (Dex +2, Stealth+) [demonic ancestry]
  3521 | D:4      | Reached XP level 6. HP: 47/47 MP: 6/6
  4007 | D:5      | Entered Level 5 of the Dungeon
  4462 | D:5      | Found a sacrificial altar of Ru.
  4522 | D:5      | Gained mutation: A meltable shield of frost defends you.
                  | (SH +4) [demonic ancestry]
  4522 | D:5      | Reached XP level 7. HP: 49/52 MP: 7/7
  4659 | D:5      | Noticed a kobold demonologist
  4674 | D:5      | Noticed a ynoxinul
  4674 | D:5      | Killed a kobold demonologist
  4785 | D:5      | Found Seilin Doism's Assorted Antiques.
  4803 | D:5      | Bought a scroll labelled YMAHUO CINOSU for 21 gold pieces
  4803 | D:5      | Bought a scroll labelled AFUEDW KOKY for 21 gold pieces
  4803 | D:5      | Bought a scroll labelled BOEHOI VOTHRI for 21 gold pieces
  5017 | D:5      | Gained mutation: A meltable icy envelope protects you from
                  | harm. (AC +8) [demonic ancestry]
  5017 | D:5      | Reached XP level 8. HP: 60/60 MP: 8/8
  5802 | D:6      | Found an ornate altar of the Wu Jian Council.
  5829 | D:6      | Reached skill level 5 in Fighting
  5829 | D:6      | Reached skill level 5 in Axes
  5829 | D:6      | Reached skill level 5 in Dodging
  6178 | D:6      | Reached XP level 9. HP: 68/68 MP: 9/9
  6779 | D:5      | Bought a steaming scale mail for 189 gold pieces
  6779 | D:5      | Identified the +5 scale mail of the Fiddle {Rampage Dex+2}
                  | (You bought it in a shop on level 5 of the Dungeon)
  7355 | D:7      | Found a staircase to the Ecumenical Temple.
  7399 | Temple   | Entered the Ecumenical Temple
  7473 | Temple   | Became a worshipper of Qazlal Stormbringer
  7513 | D:7      | Reached skill level 1 in Shields
  7516 | D:7      | Reached skill level 1 in Invocations
  7620 | D:7      | Reached skill level 5 in Throwing
  7788 | D:7      | Noticed an angel
  7888 | D:8      | Noticed Psyche
  7953 | D:8      | Found a snail-covered altar of Cheibriados.
  8551 | D:8      | Reached * piety under Qazlal
  8713 | D:8      | Killed Psyche
  8714 | D:8      | Reached skill level 5 in Evocations
  8876 | D:8      | Gained mutation: You have very sharp fingernails. [demonic
                  | ancestry]
  8876 | D:8      | Reached XP level 10. HP: 76/76 MP: 12/12
  8894 | D:8      | Reached skill level 5 in Armour
  9490 | D:8      | Found a staircase to the Lair.
  9698 | D:9      | Found a shimmering altar of Xom.
  9745 | D:9      | Found a runed translucent door.
  9834 | D:9      | Found a runed translucent door.
  9846 | D:9      | Found a flagged portal.
  9862 | Bailey   | Entered a bailey
 10035 | Bailey   | Reached ** piety under Qazlal
 10195 | Bailey   | Identified the +6 plate armour "Zomius" {MP+9}
 10593 | D:9      | Found Oneg's Assorted Antiques.
 10600 | D:9      | Bought a sapphire potion for 24 gold pieces
 10600 | D:9      | Bought a scroll labelled LONUXAUPTE for 27 gold pieces
 10600 | D:9      | Bought a scroll labelled LOJADU WEINAME for 27 gold pieces
 10600 | D:9      | Bought 3 scrolls of identify for 162 gold pieces
 10667 | D:9      | Noticed a two-headed ogre
 10701 | D:8      | Reached skill level 5 in Invocations
 10905 | D:8      | Killed a two-headed ogre
 10906 | D:8      | Gained mutation: You are mostly covered in sharp spines.
                  | [demonic ancestry]
 10906 | D:8      | Reached XP level 11. HP: 66/83 MP: 14/14
 11547 | D:9      | Reached *** piety under Qazlal
 11573 | D:9      | Noticed a centaur warrior
 11592 | D:9      | Killed a centaur warrior
 11984 | D:10     | Entered Level 10 of the Dungeon
 12322 | D:10     | Noticed a boulder beetle
 12333 | D:10     | Killed a boulder beetle
 12361 | D:10     | Noticed a two-headed ogre
 12374 | D:10     | Killed a two-headed ogre
 13087 | D:11     | Noticed a boulder beetle
 13196 | Lair:1   | Entered Level 1 of the Lair of Beasts
 13769 | Lair:1   | Reached **** piety under Qazlal
 13770 | Lair:1   | Reached skill level 5 in Shields
 13792 | Lair:1   | Gained mutation: You are completely covered in sharp
                  | spines. [demonic ancestry]
 13792 | Lair:1   | Reached XP level 12. HP: 33/92 MP: 17/17
 14479 | Lair:1   | Noticed a seven-headed hydra
 14487 | Lair:1   | Killed a seven-headed hydra
 15612 | Lair:2   | Found a staircase to the Swamp.
 16171 | Lair:2   | Identified the +0 pair of gloves of Leapfrog {rC++ Dex+3}
 16260 | Lair:3   | Reached ***** piety under Qazlal
 16522 | Lair:3   | Reached skill level 10 in Dodging
 16857 | Lair:3   | Noticed a five-headed hydra
 16867 | Lair:3   | Reached XP level 13. HP: 100/100 MP: 19/19
 16907 | Lair:3   | Noticed Nergalle
 16927 | Lair:3   | Killed Nergalle
 18449 | Lair:4   | Found a staircase to the Snake Pit.
 20394 | Lair:5   | Reached skill level 10 in Fighting
 20975 | Lair:5   | You fall into a shaft and drop 1 floor!
 20975 | Lair:6   | Entered Level 6 of the Lair of Beasts
 20981 | Lair:6   | Reached ****** piety under Qazlal
 21020 | Lair:6   | Gained mutation: Your hexes are more powerful. [demonic
                  | ancestry]
 21020 | Lair:6   | Reached XP level 14. HP: 83/110 MP: 20/20
 21895 | Lair:6   | Reached skill level 10 in Axes
 22437 | Lair:6   | Found a staircase to the Slime Pits.
 23200 | Lair:6   | Reached skill level 10 in Armour
 23819 | D:9      | Bought a glimmering mace for 216 gold pieces
 23819 | D:9      | Identified the +4 mace of Subterfuge {flame, rC+ Str+3
                  | Int+4 Dex+3} (You bought it in a shop on level 9 of the
                  | Dungeon)
 23865 | D:11     | Noticed a11behringer's ghost (journeyman DrBe)
 23942 | D:11     | Reached skill level 10 in Invocations
 23963 | D:11     | Reached XP level 15. HP: 18/119 MP: 22/22
 24349 | D:11     | Found Guisuti's Antique Armour Shoppe.
 24367 | D:11     | Bought a transparent helmet for 247 gold pieces
 24367 | D:11     | Identified the +3 helmet of Apathy {MP+9 Int+2 Dex+4} (You
                  | bought it in a shop on level 11 of the Dungeon)
 24447 | D:11     | Gained mutation: You have a moderately thin skeletal
                  | structure. (Dex +4, Stealth++) [demonic ancestry]
 24447 | D:11     | Reached XP level 16. HP: 125/125 MP: 23/23
 24599 | D:11     | Found a runed translucent gate.
 24599 | D:11     | Found a runed translucent gate.
 24599 | D:11     | Found a runed translucent gate.
 24694 | D:11     | Found Iczid's Book Shop.
 25138 | D:11     | Killed a11behringer's ghost
 25613 | D:12     | Found a staircase to the Orcish Mines.
 26065 | Orc:1    | Entered Level 1 of the Orcish Mines
 26524 | Orc:2    | Entered Level 2 of the Orcish Mines
 26524 | Orc:2    | Found a staircase to the Elven Halls.
 26528 | Orc:2    | Noticed Sonja
 26532 | Orc:2    | Noticed Josephine
 26744 | Orc:1    | Killed Josephine
 26796 | Orc:2    | Killed Sonja
 27043 | Orc:2    | Found Xeulaad's Assorted Antiques.
 27043 | Orc:2    | Found Meal's Distillery.
 27086 | Orc:2    | Found Igecuj's Jewellery Shoppe.
 27088 | Orc:2    | Found Zoiliek's General Store.
 27093 | Orc:2    | Bought a scroll of identify for 52 gold pieces
 27101 | Orc:2    | Bought a scroll of identify for 26 gold pieces
 27101 | Orc:2    | Identified 2 scrolls of acquirement
 27102 | Orc:2    | Acquired a manual of Dodging
 27104 | Orc:2    | Acquired the +3 Elemental Staff {rElec rF++ rC++ AC+5}
 27104 | Orc:2    | Found the +3 Elemental Staff {rElec rF++ rC++ AC+5}
 27445 | Orc:1    | Paralysed by an orc sorcerer for 5 turns
 27766 | D:13     | Reached skill level 1 in Staves
 27770 | D:13     | Noticed Azrael
 27795 | D:13     | Killed Azrael
 28412 | D:13     | Identified the +8 scimitar "Oclyt" {vorpal, rF- rC+ Int+5}
 28817 | D:14     | Got the Volume of the Blistering Glacier
 28859 | D:14     | Noticed Urug
 28883 | D:14     | Killed Urug
 29177 | D:14     | Found a gate to the Vaults.
 29300 | D:15     | Entered Level 15 of the Dungeon
 29314 | D:15     | Reached skill level 10 in Shields
 29407 | D:15     | Found a portal to a secret trove of treasure.
 29724 | D:15     | Gained mutation: A meltable icy envelope protects you from
                  | harm. (AC +8) [demonic ancestry]
 29724 | D:15     | Reached XP level 17. HP: 111/133 MP: 24/24
 29730 | D:15     | Reached skill level 5 in Staves
 29966 | D:15     | Found Mokysou's Weapon Shoppe.
 30194 | D:15     | Found a transporter.
 30204 | D:15     | Found a transporter.
 30208 | D:15     | Found a transporter.
 30208 | D:15     | Found a transporter.
 30239 | D:15     | Found a transporter.
 30242 | D:15     | Found a transporter.
 30327 | D:15     | Found a staircase to the Depths.
 30582 | Elf:1    | Entered Level 1 of the Elven Halls
 31395 | Elf:1    | Noticed Kuwn's ghost (adept MiBe)
 31413 | Elf:1    | Found a runed translucent door.
 31827 | Elf:1    | Found Neerhih's Armour Shop.
 32267 | Elf:1    | Killed Kuwn's ghost
 32280 | Elf:1    | Got the Incunabulum of the Rocks
 33076 | Elf:2    | Identified the +2 pair of gloves "Usikkamm" {rF- Dex+6}
 33111 | Elf:2    | Found a runed translucent gate.
 33111 | Elf:2    | Found a runed translucent gate.
 33111 | Elf:2    | Found a runed translucent gate.
 33553 | Elf:2    | Noticed a deep elf blademaster
 33575 | Elf:2    | Killed a deep elf blademaster
 34168 | Elf:2    | Reached XP level 18. HP: 130/143 MP: 25/25
 34461 | Elf:3    | Entered Level 3 of the Elven Halls
 34493 | Elf:3    | Paralysed by an air elemental for 1 turns
 34724 | Elf:3    | Paralysed by an air elemental for 1 turns
 34726 | Elf:3    | Paralysed by an air elemental for 1 turns
 34858 | Elf:3    | Noticed Nikola
 34871 | Elf:3    | Killed Nikola
 34990 | Elf:3    | Noticed Saint Roka
 35484 | Elf:3    | Cast into level 3 of the Abyss (a deep elf sorcerer)
 35511 | Elf:3    | Escaped the Abyss
 35560 | Elf:3    | HP: 6/141 [deep elf master archer/arrow (2)]
 35561 | Elf:3    | HP: 2/141 [deep elf master archer/arrow (8)]
 35561 | Elf:3    | Shot with an arrow by a deep elf master archer

Illustrated notes

Levels and vault maps discovered:
D:1:      dpeg_arrival_water_temple_mockup, layout_rooms
D:2:      layout_basic, basic_ecumenical_altar
D:3:      kennysheep_big_flooded_room, layout_basic, serial_shops, shop
D:4:      layout_basic
D:5:      minmay_inner_zag, layout_loops_ring,
          mainiacjoe_overflow_six_doors_small,
          nicolae_ru_great_annihilating_truth, serial_shops, shop
D:6:      layout_loops_cross, lemuel_doored_altar
D:7:      layout_rooms, zin_angel, minmay_temple_entry_mini_moons
D:8:      layout_basic, mainiacjoe_overflow_cross_hatched, erik_lair_dragon,
          minmay_manual_mullet, uniq_psyche
D:9:      cheibrodos_histonic, layout_small_grid,
          mainiacjoe_overflow_concentric_impassable, serial_shops,
          nicolae_shop_statue_plus, enter_bailey_5
D:10:     layout_cave_pods
D:11:     layout_cave_pools, serial_shops, shop, maelrawn_ghost_gauntlet_escape,
          nicolae_wooded_promenade
D:12:     layout_rooms, orc_0_dummy
D:13:     layout_gridville, serial_glass, glass_columns_a, glass_columns_a,
          uniq_azrael
D:14:     layout_rooms, david_vaults_3, nicolae_elyvilon_temple_path
D:15:     hangedman_depths_entry_try_elsewhere_first, layout_loops_ring,
          enter_trove_2, serial_bayou_pond_e, serial_shops, shop_statue,
          serial_nicolae_subway, nicolae_sub_station_crystal,
          nicolae_sub_station_stone, nicolae_sub_station_metal
Temple:   compressed_dpeg_circular_temple
Lair:1:   layout_layer_cave, grunt_megastairs_1, lemuel_fruit_fields,
          serial_bayou_shore_a, uniq_urug
Lair:2:   layout_hall_layers, swamp_mist, grunt_megastairs_2
Lair:3:   layout_cave_pods, serial_bayou_shore_b, uniq_nergalle
Lair:4:   layout_roguey, minmay_snake_entry_guardpost_small
Lair:5:   layout_loops_ring, minmay_lair_oklob_items, wad_woods_river_01
Lair:6:   minmay_lair_end_enchanted_forest, layout_loops_ring,
          nicolae_slime_entry_slimehenge, lemuel_fruit_fields,
          lemuel_fruit_tree, lemuel_fruit_fields
Orc:1:    layout_diamond_mine
Orc:2:    st_orc_rangers, layout_diamond_mine, mines2_david, uniq_josephine,
          uniq_sonja
Elf:1:    elf_arrival_002, layout_geoelf_grid, hellmonk_ghost_big_iron,
          serial_shops, shop, hangedman_corner_corridor, chequers_big_river,
          corexii_hall_statues_t, dk_noncrumbling_4, grunt_ministairs_10,
          minmay_misc_feat_rows
Elf:2:    elven_hall_of_blades_hangedman_original [mumra_blade_entry_dagger],
          layout_geoelf_octagon, hangedman_elf_represent
Elf:3:    elf_hall, layout_gridlike, drop_trap, amethyst_killhole,
          corexii_checkpoint_a, nicolae_elf_big_sculpture_2, uniq_saint_roka,
          uniq_nikola

Skill      XL: |  1  2  3  4  5  6  7  8  9 10 11 12 13 14 15 16 17 18 |
---------------+-------------------------------------------------------+-----
Throwing       | 2 3 4 5 6 7 |  7.9
Axes           | 3 4 5 6 7 8 9 10 11 12 13 | 13.1
Armour         | 1 2 3 4 5 6 7 9 10 11 12 | 12.9
Dodging        | 3 4 5 7 8 10 12 13 14 | 14.9
Fighting       | 3 4 5 6 7 8 10 11 12 13 14 | 14.1
Evocations     | 1 2 4 5 6 7 8 9 |  9.2
Shields        | 2 3 5 6 7 9 10 11 12 | 12.1
Invocations    | 3 5 7 8 10 | 10.6
Staves         | 4 7 |  7.4

Action                   |  1- 3 |  4- 6 |  7- 9 | 10-12 | 13-15 | 16-18 || total
-------------------------+-------+-------+-------+-------+-------+-------++-------
Melee: War axe           |    56 |    91 |       |       |       |       ||   147
       Hand axe          |       |    39 |   290 |   604 |   867 |   327 ||  2127
       Staff             |       |       |       |       |       |   797 ||   797
       Broad axe         |       |       |       |       |       |   491 ||   491
 Fire: Hand crossbow     |       |     2 |    17 |    65 |    73 |     4 ||   161
Throw: Dart              |       |    10 |     7 |     5 |       |     1 ||    23
       Throwing net      |       |     1 |       |     2 |       |       ||     3
Evoke: Wand              |       |       |     3 |     4 |     1 |       ||     8
       Condenser vane    |       |       |       |       |     2 |       ||     2
  Use: Scroll            |       |       |       |    13 |    12 |    20 ||    45
       Potion            |       |       |       |     3 |     2 |     4 ||     9
 Stab: Sleeping          |       |     1 |     1 |       |       |       ||     2
       Invisible         |       |     1 |       |       |       |       ||     1
       Paralysed         |       |     1 |       |       |       |       ||     1
       Held in net/web   |       |       |       |     1 |       |       ||     1
       Fleeing           |       |       |       |       |     1 |       ||     1
Armor: Leather armour    |     9 |       |       |       |       |       ||     9
       Scale mail        |     9 |    53 |   112 |   226 |   228 |   322 ||   950
Dodge: Dodged            |    33 |    65 |   121 |   255 |   356 |   786 ||  1616
       Repelled          |       |       |       |       |     1 |    23 ||    24
Block: Other             |       |       |    26 |       |       |       ||    26
       Kite shield       |       |       |   169 |   791 |  1204 |  2033 ||  4197

Table legend: (Time is in decaauts)
 A = Elapsed time spent in this place.
 B = Non-inter-level travel time spent in this place.
 C = Inter-level travel time spent in this place.
 D = Time resting spent in this place.
 E = Time spent auto-exploring this place.
 F = Levels seen in this place.
 G = Mean time per level.
                   A        B        C        D        E       F      G
               +--------+--------+--------+--------+--------+-----+--------+
         Total |  36037 |  34397 |   1640 |   4495 |  22288 |  29 | 1242.7 |
       Dungeon |  18002 |  16991 |   1011 |   2286 |  11075 |  15 | 1200.1 |
        Temple |    109 |    109 |      0 |      0 |     36 |   1 |  109.0 |
          Lair |  10589 |  10207 |    382 |    980 |   7336 |   6 | 1764.8 |
  Orcish Mines |   1662 |   1532 |    130 |     10 |   1195 |   2 |  831.0 |
   Elven Halls |   5059 |   4943 |    116 |   1219 |   2370 |   3 | 1686.3 |
         Abyss |     26 |     26 |      0 |      0 |      5 |   1 |   26.0 |
        Bailey |    586 |    586 |      0 |      0 |    270 |   1 |  586.0 |
               +--------+--------+--------+--------+--------+-----+--------+

Top non-repeatable levels by time:
   Elf:1: 2757 daAuts
  Lair:5: 2424 daAuts
  Lair:1: 2215 daAuts
     D:8: 2058 daAuts
    D:10: 2055 daAuts
  Lair:4: 1827 daAuts
     D:9: 1641 daAuts
  Lair:6: 1629 daAuts
  Lair:3: 1598 daAuts
   Elf:2: 1468 daAuts
     D:6: 1434 daAuts
     D:4: 1415 daAuts
     D:3: 1390 daAuts
     D:5: 1238 daAuts
    D:15: 1222 daAuts
